 Dungeon Crawl Stone Soup version 0.29-a0-581-ge9a90b7 (webtiles) character file.

Game seed: 14403992084835235297

607 Illumine the Chopper (level 8, -6/69 HPs)
             Began as a Meteoran Fighter on June 14, 2022.
             Was an Initiate of Ru.
             Mangled by a troll (7 damage)
             ... on level 4 of the Dungeon.
             The game lasted 00:03:42 (1076 turns).

Illumine the Chopper (Meteoran Fighter)             Turns: 1076, Time: 00:03:42

Health: -6/69      AC: 11    Str: 20    XL:     8   Next: 2%
Magic:  9/9        EV:  9    Int: 10    God:    Ru [......]
Gold:   119        SH:  5    Dex: 13    Spells: 7/7 levels left

rFire   . . .      SeeInvis .   a - +0 war axe
rCold   . . .      Faith    .   c - +0 buckler
rNeg    . . .      Spirit   .   b - +0 scale mail
rPois   .          Reflect  .   o - +1 helmet
rElec   .          Harm     .   (no cloak)
rCorr   .          Rampage  .   (no gloves)
Will    +....                   l - +0 pair of boots
Stlth   ..........              (no amulet)
HPRegen 0.21/turn               (no ring)
MPRegen 0.11/turn               (no ring)

@: mighty, glowing
A: sense surroundings 1, otherworldly, glowing, explore regen
a: Renounce Religion


You were on level 4 of the Dungeon.
You worshipped Ru.
Ru was noncommittal.
You visited 2 branches of the dungeon, and saw 6 of its levels.

You collected 119 gold pieces.

Inventory:

Hand Weapons
 a - a +0 war axe (weapon)
Missiles
 j - 7 poisoned darts (quivered)
Armour
 b - a +0 scale mail (worn)
 c - a +0 buckler (worn)
 l - a +0 pair of boots (worn)
 o - a +1 helmet (worn)
Jewellery
 m - a +6 ring of intelligence
Scrolls
 e - 2 scrolls of teleportation
 f - a scroll of enchant armour
 h - a scroll of vulnerability {unknown}
 i - 2 scrolls of blinking {unknown}
 n - a scroll of torment {unknown}
Potions
 g - a potion of flight {unknown}
 k - a potion of heal wounds {unknown}
 q - a potion of brilliance {unknown}
 r - a potion of curing {unknown}


   Skills:
 + Level 5.4 Fighting
 * Level 6.9 Axes
 + Level 5.7 Armour
 - Level 4.0 Shields


You had 7 spell levels left.
You didn't know any spells.
Your spell library contained the following spells:

 Spells                   Type           Power      Damage    Failure   Level
 Beastly Appendage        Tmut           0%         N/A       78%         1
 Blink                    Tloc           0%         N/A       89%         2
 Wereblood                Tmut           0%         N/A       89%         2
 Lesser Beckoning         Tloc           0%         N/A       98%         3
 Portal Projectile        Hex/Tloc       0%         N/A       98%         3
 Spider Form              Tmut/Pois      0%         N/A       98%         3
 Tukima's Dance           Hex            0%         N/A       98%         3
 Blade Hands              Tmut           0%         N/A       100%        5
 Manifold Assault         Tloc           0%         N/A       100%        5


Dungeon Overview and Level Annotations

Branches:
Dungeon (5/15)             Temple (1/1) D:4

Altars:
Cheibriados
Gozag
Kikubaaqudgha
Ru
Trog
Vehumet
Wu Jian
Xom
Zin

Shops:
D:2 (

Annotations:
D:3 1 transporter
D:4 4 runed translucent doors
D:5 1 runed translucent door


Innate Abilities, Weirdness & Mutations

You passively map a small area around you.
You are easily found by Zot.
You glow in the dark.
You regain HP and MP as you explore.


Message History

The phantom hits you but does no damage.
You hit the phantom but do no damage.
The phantom is severely damaged.
The phantom hits you but does no damage. x2
You barely miss the phantom.
The phantom is severely damaged.
The phantom hits you but does no damage.
You barely miss the phantom.
The phantom is severely damaged.
The phantom hits you.
* * * LOW HITPOINT WARNING * * *
You slash the phantom!
You destroy the phantom!
You block the bullfrog's attack.
You slice the bullfrog!!
The bullfrog is severely wounded.
The bullfrog hits you but does no damage.
The bullfrog barely misses you.
You slash the bullfrog!
You kill the bullfrog!
The scorpion barely misses you.
You hit the scorpion.
The scorpion is moderately wounded.
You block the scorpion's attack.
You hit the scorpion.
The scorpion is heavily wounded.
The scorpion stings you but does no damage.
You slice the scorpion!!
You kill the scorpion!
You have reached level 8!
You slash the troll!
The troll is moderately wounded.
The troll barely misses you. The troll closely misses you. The troll claws you!
* * * LOW HITPOINT WARNING * * *
You slash the troll!
The troll is heavily wounded.
The troll bites you.
* * * LOW HITPOINT WARNING * * *
The troll claws you!
You die...

*
#.##8?)8##.)......#
#.#
######.........#
#.##### #+###.....#
#.##... * ,
,##....###.##.## #
#.....##.##.# , #.*
#..#..##.##.# #.# *
#.###..#)##.## *
#..###.#)#
#......... ,
#.T@.##.#
#....##.## *
######..# ##...##.#
, ..## #...##.# , ,
### #...##.# , *
#...##.# , ,,,
##### ##..##.## , ,
, ,,#...# #.>##...
, , , #...#
#....... #...#
#.######


You could see a troll.

Vanquished Creatures
  An ogre (D:5)
  A phantom (D:4)
  2 bullfrogs (D:4)
  3 scorpions
  A jelly (D:5)
  A hound (D:5)
  5 adders
  A worm (D:2)
  4 orcs (D:4)
  2 ball pythons
  2 giant cockroaches (D:2)
  3 goblins
  3 hobgoblins
  3 kobolds
  2 bats
  A rat (D:1)
35 creatures vanquished.

Vanquished Creatures (others)
  3 plants (D:1)
3 creatures vanquished.

Grand Total: 38 creatures vanquished

Notes
Turn   | Place    | Note
-------+----------+-------------------------------------------
     0 | D:1      | Illumine the Meteoran Fighter began the quest for the Orb.
     0 | D:1      | Reached XP level 1. HP: 19/19 MP: 2/2
    67 | D:1      | Reached XP level 2. HP: 26/26 MP: 3/3
   151 | D:2      | Found Etzia's Antique Weapon Shoppe.
   218 | D:2      | Reached skill level 3 in Axes
   218 | D:2      | Reached XP level 3. HP: 31/31 MP: 4/4
   330 | D:3      | Found a transporter.
   603 | D:5      | Entered Level 5 of the Dungeon
   621 | D:4      | Found a large runed translucent door.
   621 | D:4      | Found a large runed translucent door.
   632 | D:4      | Reached XP level 4. HP: 40/40 MP: 5/5
   650 | D:4      | Noticed a scorpion
   655 | D:4      | Killed a scorpion
   656 | D:4      | Reached skill level 4 in Axes
   656 | D:4      | Reached XP level 5. HP: 45/46 MP: 6/6
   671 | D:4      | Noticed a steam dragon
   678 | D:4      | Found a staircase to the Ecumenical Temple.
   693 | D:4      | Found a large runed translucent door.
   693 | D:4      | Found a large runed translucent door.
   699 | Temple   | Entered the Ecumenical Temple
   750 | Temple   | Became a worshipper of Ru the Awakened
   845 | D:5      | Reached XP level 6. HP: 37/53 MP: 7/7
   903 | D:5      | Reached skill level 5 in Axes
   942 | D:5      | Noticed an ogre
   954 | D:5      | Killed an ogre
   955 | D:5      | Reached skill level 5 in Armour
   955 | D:5      | Reached XP level 7. HP: 10/60 MP: 8/8
  1009 | D:5      | Found a large runed translucent door.
  1036 | D:5      | Noticed a troll
  1061 | D:4      | Reached skill level 5 in Fighting
  1061 | D:4      | Reached skill level 6 in Axes
  1075 | D:4      | Reached XP level 8. HP: 12/69 MP: 9/9
  1076 | D:4      | HP: 1/69 [troll (4)]
  1076 | D:4      | Mangled by a troll

Illustrated notes

Levels and vault maps discovered:
D:1:      sevenhm_arrival_forest_fort_small_3, layout_basic, serial_forest,
          infiniplex_forest_lined_corner, infiniplex_forest_fountain,
          infiniplex_forest_lined_2, infiniplex_forest_end_2,
          infiniplex_forest_straight_3, infiniplex_forest_clump_medium,
          infiniplex_forest_clump_cross, infiniplex_forest_zigzag_2
D:2:      layout_basic, serial_shops, nicolae_shop_competitors_out_of_business,
          chequers_serial_rivers_micro_d
D:3:      gammafunk_steamed_eel, layout_basic, makhleb_altar_promises_db,
          amcnicky_altar_gilded, nicolae_figureground_pulse
D:4:      layout_basic, mainiacjoe_overflow_brackets,
          minmay_temple_entry_butterflies, minmay_hollow_rounded_squares
D:5:      layout_rooms, nicolae_hepliaklqana_hazy_memory,
          ebering_ghost_disaster_area, kennysheep_flooded_box,
          minmay_fractal_squares_diagonal_5
Temple:   compressed_dpeg_triangle_lava_temple

Skill      XL: |  1  2  3  4  5  6  7 |
---------------+----------------------+-----
Shields        | 4 |  4.0
Axes           | 3 4 5 6 |  6.9
Fighting       | 4 5 |  5.4
Armour         | 4 5 |  5.7

Action                   |  1- 3 |  4- 6 |  7- 9 || total
-------------------------+-------+-------+-------++-------
Melee: War axe           |    47 |    43 |    34 ||   124
Throw: Dart              |       |     4 |       ||     4
  Use: Potion            |       |     1 |     1 ||     2
       Scroll            |       |     2 |     1 ||     3
Armor: Scale mail        |    20 |     9 |    33 ||    62
Dodge: Dodged            |    23 |    16 |    22 ||    61
Block: Buckler           |    17 |    13 |     9 ||    39

Table legend: (Time is in decaauts)
 A = Elapsed time spent in this place.
 B = Non-inter-level travel time spent in this place.
 C = Inter-level travel time spent in this place.
 D = Time resting spent in this place.
 E = Time spent auto-exploring this place.
 F = Levels seen in this place.
 G = Mean time per level.
                   A        B        C        D        E       F      G
               +--------+--------+--------+--------+--------+-----+--------+
         Total |   1116 |   1062 |     54 |      0 |    472 |   6 |  186.0 |
       Dungeon |   1053 |   1009 |     44 |      0 |    472 |   5 |  210.6 |
        Temple |     62 |     52 |     10 |      0 |      0 |   1 |   62.0 |
               +--------+--------+--------+--------+--------+-----+--------+

Top non-repeatable levels by time:
     D:4: 300 daAuts
     D:5: 270 daAuts
     D:3: 209 daAuts
     D:2: 137 daAuts
     D:1: 135 daAuts
  Temple: 62 daAuts
